 Dungeon Crawl Stone Soup version 0.28.0-43-g3370ac3207 (webtiles) character file.

Game seed: 1112520093936934473

47 cbfl8 the Covert (level 3, 0/29 HPs)
             Began as a Vampire Delver on Mar 23, 2022.
             Slain by an adder (3 damage)
             ... on level 5 of the Dungeon.
             The game lasted 00:01:12 (396 turns).

cbfl8 the Covert (Vampire Delver)                    Turns: 396, Time: 00:01:13

Health: 0/29       AC:  3    Str: 13    XL:     3   Next: 48%
Magic:  3/3        EV: 12    Int: 12    God:
Gold:   30         SH:  0    Dex: 15    Spells: 2/2 levels left

rFire   . . .      SeeInvis +   a - +0 falchion
rCold   . . .      Faith    .   (no shield)
rNeg    . . .      Spirit   .   b - +0 leather armour
rPois   .          Reflect  .   (no helmet)
rElec   .          Harm     .   (no cloak)
rCorr   .          Rampage  .   (no gloves)
Will    .....                   (no boots)
Stlth   ++++......              (no amulet)
HPRegen 0.29/turn               (no ring)
MPRegen 0.08/turn               (no ring)

@: healing quickly
A: alive, fangs 3, see invisible, vampiric 2
a: Exsanguinate


You were on level 5 of the Dungeon.
You visited 1 branch of the dungeon, and saw 1 of its levels.

You collected 30 gold pieces.

Inventory:

Hand Weapons
 a - a +0 falchion (weapon)
Armour
 b - a +0 leather armour (worn)
Wands
 g - a wand of digging (3)
Scrolls
 c - a scroll of fog
 d - a scroll of magic mapping
 e - a scroll of fear
 h - a scroll of identify {unknown}
Potions
 f - a potion of haste
 i - 2 potions of curing {unknown}


   Skills:
 + Level 3.0 Fighting
 + Level 2.1 Long Blades
 + Level 0.1 Armour
 + Level 2.3 Dodging
 + Level 8.6 Stealth


You had 2 spell levels left.
You didn't know any spells.
Your spell library was empty.

Dungeon Overview and Level Annotations

Branches:
Dungeon (5/15)
 Temple: D:4-7

Altars:
Dithmenos
Gozag
Qazlal
Wu Jian
Zin


Innate Abilities, Weirdness & Mutations

Your natural rate of healing is accelerated.
You have razor-sharp teeth.
You have supernaturally acute eyesight. (SInv)
You are afflicted with vampirism and can become a bat while bloodless.


Message History

The adder closely misses you. The adder barely misses you.
You miss the adder.
The adder is heavily wounded.
You feel sick. The adder bites you but does no damage.
The adder closely misses you. The adder bites you.
You hit the adder.
The adder is heavily wounded.
You feel sick.
The adder bites you. x2; The adder barely misses you. x2
You barely miss the adder.
The adder is heavily wounded.
You feel sick.
You are no longer poisoned.
The adder bites you. x2
You barely miss the adder. You punch the adder, but do no damage.
The adder is heavily wounded.
The adder bites you. x2; The adder bites you but does no damage.
The adder barely misses you.
You miss the adder. You punch the adder.
The adder is severely wounded.
The adder barely misses you. x2; The adder bites you.
* * * LOW HITPOINT WARNING * * *
You barely miss the adder.
The adder is severely wounded.
The adder bites you.
* * * LOW HITPOINT WARNING * * *
The adder closely misses you. The adder bites you.
* * * LOW HITPOINT WARNING * * *
You closely miss the adder. Your bite misses the adder.
The adder is severely wounded.
The adder bites you but does no damage. x2; The adder barely misses you.
You hit the adder.
The adder is almost dead.
The adder bites you.
* * * LOW HITPOINT WARNING * * *
The adder bites you but does no damage. The adder bites you.
* * * LOW HITPOINT WARNING * * *
You closely miss the adder.
The adder is almost dead.
The adder bites you but does no damage. The adder bites you.
You die...

#......#.##........
............##.#..
.......#.##.# ###
...#####.##.##.#
...# #.......#
...##...###.####
...##...###.##
#.#.??.......#####
..............S@#
##..........###S#
....###### #.# ....
#.# .#. #.. # ###


You could see 2 adders.

Vanquished Creatures
  A bullfrog zombie (D:5)
  A gnoll (D:5)
  An ufetubus (D:5)
3 creatures vanquished.

Notes
Turn   | Place    | Note
-------+----------+-------------------------------------------
     0 | D:5      | cbfl8 the Vampire Delver began the quest for the Orb.
     0 | D:5      | Reached XP level 1. HP: 17/17 MP: 1/1
    18 | D:5      | Found an opulent altar of Gozag.
    67 | D:5      | Noticed an ogre
   153 | D:5      | Found an ornate altar of the Wu Jian Council.
   162 | D:5      | Found a stormy altar of Qazlal.
   171 | D:5      | Found a shadowy altar of Dithmenos.
   228 | D:5      | Reached skill level 8 in Stealth
   228 | D:5      | Reached XP level 2. HP: 16/23 MP: 2/2
   228 | D:5      | Gained mutation: You are afflicted with vampirism and can
                  | become a bat while bloodless. [Vampire growth]
   228 | D:5      | Reached XP level 3. HP: 20/28 MP: 3/3
   396 | D:5      | Slain by an adder

Illustrated notes

Levels and vault maps discovered:
D:5:      layout_loops_cross, mainiacjoe_overflow_brackets, minitemple,
          mainiacjoe_overflow_surrounded_room, chequers_serial_rivers_micro_e,
          uniq_ijyb, uniq_grinder

Skill      XL: |  1  2  3 |
---------------+----------+-----
Stealth        | 8 |  8.6
Fighting       | 3 |  3.0
Long Blades    | |  2.1
Armour         | |  0.1
Dodging        | |  2.3

Action                   || total
-------------------------++-------
Melee: Falchion          ||    28
       Bite              ||     3
       Punch             ||     3
Armor: Leather armour    ||    11
Dodge: Dodged            ||    26
